 Dungeon Crawl Stone Soup version 0.28-a0-312-gbced6e68ee (webtiles) character file.

Game seed: 15063682373400376750

169 SolCadguy the Slasher (level 5, -2/47 HPs)
             Began as a Gnoll Cinder Acolyte on Aug 30, 2021.
             Was a High Priest of Ignis.
             Slain by a goblin (4 damage)
             ... led by Robin
             ... on level 3 of the Dungeon.
             The game lasted 00:05:17 (2797 turns).

SolCadguy the Slasher (Gnoll Cinder Acolyte)        Turns: 2797, Time: 00:05:17

Health: -2/47      AC:  5    Str: 14    XL:     5   Next: 50%
Magic:  9/9        EV: 10    Int: 13    God:    Ignis [*****.]
Gold:   124        SH:  0    Dex:  8    Spells: 9/10 levels left

rFire   + . .      SeeInvis .   i - +2 short sword (venom)
rCold   . . .      Faith    .   (no shield)
rNeg    . . .      Spirit   .   o - +0 ring mail
rPois   .          Reflect  .   (no helmet)
rElec   .          Harm     .   (no cloak)
rCorr   .          Rampage  .   (no gloves)
Will    .....                   (no boots)
Stlth   +.........              (no amulet)
HPRegen 0.15/turn               (no ring)
MPRegen 0.11/turn               (no ring)

@: no status effects
A: fangs 1, strong nose, distributed training
a: Renounce Religion, Sea of Fire, Foxfire Swarm, Rising Flame


You were on level 3 of the Dungeon.
You worshipped Ignis.
Ignis was extremely pleased with you.
You visited 1 branch of the dungeon, and saw 3 of its levels.

You collected 124 gold pieces.

Inventory:

Hand Weapons
 a - a -1 falchion of flaming
 i - a +2 short sword of venom (weapon)
 j - a +0 hunting sling
 q - a +0 quarterstaff
Missiles
 p - 5 atropa-tipped darts
Armour
 b - a +0 robe
 e - a +0 leather armour
 o - a +0 ring mail (worn)
Wands
 n - a wand of paralysis (2)
Scrolls
 c - 3 scrolls of teleportation {unknown}
 g - 2 scrolls of immolation {unknown}
 k - 3 scrolls of enchant weapon {unknown}
 m - a scroll of enchant armour {unknown}
Potions
 d - a potion of curing
 f - 2 potions of mutation
 h - a potion of might {unknown}
 l - a potion of brilliance {unknown}


   Skills:
 + Level 6.7 Fighting
 + Level 1.5 Short Blades
 + Level 6.7 Long Blades
 + Level 1.5 Axes
 + Level 1.5 Maces & Flails
 + Level 1.5 Polearms
 + Level 1.5 Staves
 + Level 1.5 Slings
 + Level 1.5 Bows
 + Level 1.5 Crossbows
 + Level 1.5 Throwing
 + Level 1.5 Armour
 + Level 1.5 Dodging
 + Level 1.5 Stealth
 + Level 1.5 Shields
 + Level 1.5 Unarmed Combat
 + Level 3.2 Spellcasting
 + Level 1.2 Conjurations
 + Level 1.2 Hexes
 + Level 1.2 Summonings
 + Level 1.2 Necromancy
 + Level 1.2 Translocations
 + Level 1.2 Transmutations
 + Level 2.4 Fire Magic
 + Level 1.2 Ice Magic
 + Level 1.2 Air Magic
 + Level 1.2 Earth Magic
 + Level 1.2 Poison Magic
 + Level 1.7 Invocations
 + Level 1.5 Evocations


You had 9 spell levels left.
You knew the following spells:

 Your Spells              Type           Power      Damage    Failure   Level
a - Foxfire               Conj/Fire      24%        2x1d5     22%         1

Your spell library contained the following spells:

 Spells                   Type           Power      Damage    Failure   Level
 Corpse Rot               Necr/Air       N/A        N/A       38%         2
 Dispel Undead            Necr           5%         3d7       95%         4
 Death Channel            Necr           2%         N/A       100%        6


Dungeon Overview and Level Annotations

Branches:
Dungeon (3/15)

Altars:


Innate Abilities, Weirdness & Mutations

You have very sharp teeth.
Your uncanny sense of smell can sniff out nearby items.
Your experience applies equally to all skills.


Message History

You kill the giant cockroach!
The goblin hits you with a +0 dagger.
* * * LOW HITPOINT WARNING * * *
Robin throws the goblin at you! The goblin hits you with a +0 dagger.
* * * LOW HITPOINT WARNING * * *
You hit the goblin.
You kill the goblin!
The foxfire hits the goblin.
You kill the goblin!
The foxfire hits the goblin.
The goblin is severely wounded.
The foxfire hits the goblin.
You kill the goblin!
The foxfire hits Robin.
Robin is lightly wounded.
Robin says, "Feeling lonely?"
Robin throws the goblin at you!
The foxfire hits Robin.
Robin is heavily wounded.
The foxfire hits Robin.
Robin is severely wounded.
The foxfire hits Robin.
Robin is almost dead.
The foxfire hits Robin but does no damage.
Robin is almost dead.
Items here: ( )) ? ††.
Robin completely misses you.
You barely miss Robin. You bite Robin.
Robin is almost dead.
The goblin hits you with a +0 club.
* * * LOW HITPOINT WARNING * * *
Robin zaps a wand.
You resist with some effort.
You hit Robin.
You kill Robin!
The goblin barely misses you.
Unknown command.
You barely miss the goblin. The goblin hits you with a +0 club.
* * * LOW HITPOINT WARNING * * *
You barely miss the goblin. The goblin hits you with a +0 club.
You die...

#....... #....... #######.
#######. ####### #.......
##########...).######.......
.gg...†.)')..))'............
...#######)..).#####'#######
#.@g..# #.......# ∆
#######.....# #)......#
+...†.......# #.......#
########'#### #...)...# #.#
#...[...# #########.#
##'####### #.........#
#........ #.#########
######### #.#


You could see a goblin (strong).

Vanquished Creatures
  A hound (D:3)
  Ijyb (D:3)
  Natasha (D:3)
  Robin (D:3)
  An adder (D:3)
  An orc (D:3)
  4 ball pythons
  3 bats
  4 endoplasms
  6 giant cockroaches
  15 goblins
  8 hobgoblins
  4 jackals (D:2)
  2 quokkas (D:3)
  4 frilled lizards
  5 kobolds
  4 rats
65 creatures vanquished.

Vanquished Creatures (others)
  8 foxfires (D:3)
8 creatures vanquished.

Grand Total: 73 creatures vanquished

Notes
Turn   | Place    | Note
-------+----------+-------------------------------------------
     0 | D:1      | SolCadguy the Gnoll Cinder Acolyte began the quest for the
                  | Orb.
     0 | D:1      | Reached XP level 1. HP: 23/23 MP: 4/4
   219 | D:1      | Reached XP level 2. HP: 28/29 MP: 5/5
   645 | D:1      | Found a faded altar of an unknown god.
  1376 | D:2      | Reached XP level 3. HP: 34/35 MP: 7/7
  1787 | D:2      | Reached skill level 1 in Invocations
  2058 | D:3      | Noticed Ijyb
  2074 | D:3      | Killed Ijyb
  2075 | D:3      | Reached skill level 1 in Short Blades
  2075 | D:3      | Reached skill level 1 in Axes
  2075 | D:3      | Reached skill level 1 in Maces & Flails
  2075 | D:3      | Reached skill level 1 in Polearms
  2075 | D:3      | Reached skill level 1 in Staves
  2075 | D:3      | Reached skill level 1 in Slings
  2075 | D:3      | Reached skill level 1 in Bows
  2075 | D:3      | Reached skill level 1 in Crossbows
  2075 | D:3      | Reached skill level 1 in Throwing
  2075 | D:3      | Reached skill level 1 in Armour
  2075 | D:3      | Reached skill level 1 in Dodging
  2075 | D:3      | Reached skill level 1 in Stealth
  2075 | D:3      | Reached skill level 1 in Shields
  2075 | D:3      | Reached skill level 1 in Unarmed Combat
  2075 | D:3      | Reached skill level 1 in Evocations
  2075 | D:3      | Reached XP level 4. HP: 29/41 MP: 8/8
  2358 | D:3      | Reached skill level 1 in Conjurations
  2358 | D:3      | Reached skill level 1 in Hexes
  2358 | D:3      | Reached skill level 1 in Summonings
  2358 | D:3      | Reached skill level 1 in Necromancy
  2358 | D:3      | Reached skill level 1 in Translocations
  2358 | D:3      | Reached skill level 1 in Transmutations
  2358 | D:3      | Reached skill level 1 in Ice Magic
  2358 | D:3      | Reached skill level 1 in Air Magic
  2358 | D:3      | Reached skill level 1 in Earth Magic
  2358 | D:3      | Reached skill level 1 in Poison Magic
  2589 | D:3      | Reached XP level 5. HP: 42/47 MP: 9/9
  2758 | D:3      | Noticed Natasha
  2759 | D:3      | Noticed Robin
  2772 | D:3      | Killed Natasha
  2795 | D:3      | Killed Robin
  2796 | D:3      | HP: 2/47 [goblin[Robin] (6)]
  2797 | D:3      | Slain by a goblin

Illustrated notes

Levels and vault maps discovered:
D:1:      roderic_octagonal_star, layout_basic, serial_forest,
          infiniplex_forest_clump_curved, infiniplex_forest_straight_4,
          infiniplex_forest_zigzag_2, infiniplex_forest_clump_long,
          infiniplex_forest_straight_2, infiniplex_forest_straight_4,
          hellmonk_ecumenical_altar_pennies_from_heaven
D:2:      layout_basic, st_stairs_6
D:3:      layout_basic, uniq_ijyb, uniq_natasha, uniq_robin

Skill      XL: |  1  2  3  4 |
---------------+-------------+-----
Fire Magic     | 2 |  2.4
Invocations    | 1 |  1.7
Short Blades   | 1 |  1.5
Axes           | 1 |  1.5
Maces & Flails | 1 |  1.5
Polearms       | 1 |  1.5
Staves         | 1 |  1.5
Slings         | 1 |  1.5
Bows           | 1 |  1.5
Crossbows      | 1 |  1.5
Throwing       | 1 |  1.5
Armour         | 1 |  1.5
Dodging        | 1 |  1.5
Stealth        | 1 |  1.5
Shields        | 1 |  1.5
Unarmed Combat | 1 |  1.5
Evocations     | 1 |  1.5
Spellcasting   | 3 |  3.2
Conjurations   | 1 |  1.2
Hexes          | 1 |  1.2
Summonings     | 1 |  1.2
Necromancy     | 1 |  1.2
Translocations | 1 |  1.2
Transmutations | 1 |  1.2
Ice Magic      | 1 |  1.2
Air Magic      | 1 |  1.2
Earth Magic    | 1 |  1.2
Poison Magic   | 1 |  1.2
Fighting       | |  6.7
Long Blades    | |  6.7

Action                   |  1- 3 |  4- 6 || total
-------------------------+-------+-------++-------
Melee: Falchion          |    40 |       ||    40
       Bite              |     7 |     4 ||    11
       Short sword       |    61 |    73 ||   134
Invok: Foxfire Swarm     |       |     1 ||     1
  Use: Scroll            |     2 |       ||     2
 Stab: Sleeping          |     1 |       ||     1
       Distracted        |       |     1 ||     1
Armor: Leather armour    |    22 |       ||    22
       Ring mail         |       |    23 ||    23
Dodge: Dodged            |    53 |    44 ||    97

Table legend: (Time is in decaauts)
 A = Elapsed time spent in this place.
 B = Non-inter-level travel time spent in this place.
 C = Inter-level travel time spent in this place.
 D = Time resting spent in this place.
 E = Time spent auto-exploring this place.
 F = Levels seen in this place.
 G = Mean time per level.
                   A        B        C        D        E       F      G
               +--------+--------+--------+--------+--------+-----+--------+
         Total |   2804 |   2765 |     39 |    621 |   1690 |   3 |  934.7 |
       Dungeon |   2804 |   2765 |     39 |    621 |   1690 |   3 |  934.7 |
               +--------+--------+--------+--------+--------+-----+--------+

Top non-repeatable levels by time:
     D:1: 1172 daAuts
     D:3: 832 daAuts
     D:2: 799 daAuts
